 Dungeon Crawl Stone Soup version 0.30-a0-757-ga6a79fd877 (webtiles) character file.

Game seed: 11352510976756863092

73 Newt the Trooper (level 4, -2/38 HPs)
             Began as a Demonspawn Gladiator on Feb 9, 2023.
             Killed from afar by Grinder (8 damage)
             ... with a bolt of light
             ... on level 3 of the Dungeon.
             The game lasted 00:01:47 (1299 turns).

Newt the Trooper (Demonspawn Gladiator)             Turns: 1299, Time: 00:01:48

Health: -2/38      AC:  9    Str: 14    XL:     4   Next: 8%
Magic:  4/4        EV: 12    Int:  9    God:
Gold:   80         SH:  4    Dex: 15    Spells: 3/3 levels left

rFire   . . .      SeeInvis .    h - +4 whip "Vav Apoutsa" {freeze, rElec Will+ Str-2 Stlth+}
rCold   . . .      Faith    .    (no shield)
rNeg    . . .      Spirit   .    b - +0 leather armour
rPois   .          Reflect  .    c - +1 helmet
rElec   +          Harm     .    (no cloak)
rCorr   .          Rampage  .    (no gloves)
Will    +....                    (no boots)
Stlth   ++                       (no amulet)
HPRegen 0.26/turn                l - +4 ring of protection
MPRegen 0.09/turn                (no ring)

@: no status effects
A: condensation shield, weakness stinger 1
a: no special abilities


You were on level 3 of the Dungeon.
You visited 1 branch of the dungeon, and saw 3 of its levels.

You collected 80 gold pieces.

Inventory:

Hand Weapons
 a - a +0 rapier
 h - the +4 whip "Vav Apoutsa" (weapon) {freeze, rElec Will+ Str-2 Stlth+}
   (You found it on level 2 of the Dungeon)

   Str:       It affects your strength (-2).
   rElec:     It insulates you from electricity.
   Will:      It increases your willpower.
   Stlth:     It makes you more stealthy.
Missiles
 e - a javelin (quivered)
 n - 4 boomerangs
Armour
 b - a +0 leather armour (worn)
 c - a +1 helmet (worn)
 m - an orb of energy
Jewellery
 l - a +4 ring of protection (left hand)
Scrolls
 g - 2 scrolls of identify
 i - a scroll of enchant armour
 k - 4 scrolls of teleportation
Potions
 f - a potion of lignification


   Skills:
 + Level 4.4 Fighting
 - Level 2.6 Short Blades
 - Level 1.7 Throwing
 - Level 2.6 Dodging


You had 3 spell levels left.
You didn't know any spells.
Your spell library contained the following spells:

 Spells                   Type           Power      Damage    Failure   Level
 Necrotise                Necr           0%         1d4       45%         1
 Vampiric Draining        Necr           0%         2d6       83%         3
 Agony                    Necr           0%         N/A       100%        5


Dungeon Overview and Level Annotations

Branches:
Dungeon (3/15)

Altars:

Annotations:
D:3 Grinder


Innate Abilities, Weirdness & Mutations

A meltable shield of frost defends you. (SH +4)
You have a small tail.


Message History

You block Grinder's attack. Grinder misses you.
You see here a throwing net.
d - a throwing net Grinder hits you but does no damage.
Throw: throwing net
Press: ? - help, Q - select action, (/) - cycle Shift-Dir - straight line, f/p - Grinder
Aim: Grinder, carrying a wand of light (6) (lightly wounded, 57% to hit)
You throw a throwing net.
The throwing net closely misses Grinder.
Grinder barely misses you.
You closely miss Grinder.
Grinder is lightly wounded.
You block Grinder's attack.
You hit Grinder.
Grinder is moderately wounded.
You block Grinder's attack.
You hit Grinder.
Grinder is moderately wounded.
Grinder hits you but does no damage.
You hit Grinder.
Grinder is moderately wounded.
Grinder hits you.
* * * LOW HITPOINT WARNING * * *
You writhe in agony.
* * * LOW HITPOINT WARNING * * *
You closely miss Grinder.
Grinder is moderately wounded.
Grinder says, "You look like you could use a good racking."
Grinder hits you.
* * * LOW HITPOINT WARNING * * *
Grinder hits you.
* * * LOW HITPOINT WARNING * * *
You writhe in agony.
* * * LOW HITPOINT WARNING * * *
Okay, then.
You whack Grinder!
Grinder is heavily wounded.
Grinder zaps a wand.
The bolt of light hits you!
You die...

..... # #?#.#
#.#.#.# #.#.#(#
#..#.# #.#.#
##..# ###...#
.#(5@.# #.###.#
#.# #.# #.# #.#
########## #.#
#.# .........#
#.# #.#
########.####.#
#.#
#.......###.#
#........<..#


You could see Grinder.

Vanquished Creatures
  3 gnolls (D:3)
  An adder (D:2)
  A dart slug (D:1)
  2 endoplasms
  A giant cockroach (D:3)
  2 goblins
  2 hobgoblins
  7 jackals (D:2)
  2 quokkas
  5 bats
  2 frilled lizards
  3 kobolds
  A rat (D:2)
32 creatures vanquished.

Notes
Turn   | Place    | Note
-------+----------+-------------------------------------------
     0 | D:1      | Newt the Demonspawn Gladiator began the quest for the Orb.
     0 | D:1      | Reached XP level 1. HP: 16/16 MP: 1/1
   556 | D:2      | Discovered your monstrous ancestry.
   556 | D:2      | Gained mutation: You have a small tail. [demonic ancestry]
   556 | D:2      | Reached XP level 2. HP: 20/23 MP: 2/2
   614 | D:2      | Reached skill level 3 in Fighting
   824 | D:2      | Identified the +4 whip "Vav Apoutsa" {freeze, rElec Will+
                  | Str-2 Stlth+}
   903 | D:2      | Reached XP level 3. HP: 27/30 MP: 3/3
  1135 | D:3      | Reached skill level 4 in Fighting
  1143 | D:3      | Gained mutation: A meltable shield of frost defends you.
                  | (SH +4) [demonic ancestry]
  1143 | D:3      | Reached XP level 4. HP: 33/38 MP: 4/4
  1267 | D:3      | Noticed Grinder
  1286 | D:3      | Paralysed by Grinder for 4 turns
  1299 | D:3      | Killed from afar by Grinder

Illustrated notes

Levels and vault maps discovered:
D:1:      tarquinn_simple_flora_water_e, layout_basic
D:2:      layout_rooms
D:3:      layout_loops_ring, uniq_grinder

Skill      XL: |  1  2  3 |
---------------+----------+-----
Fighting       | 3 4 |  4.4
Short Blades   | |  2.6
Throwing       | |  1.7
Dodging        | |  2.6

Action                     |  1- 3 |  4- 6 || total
---------------------------+-------+-------++-------
  Melee: Rapier            |    84 |       ||    84
         Tailslap          |     6 |       ||     6
         Whip              |    11 |    14 ||    25
         Punch             |     1 |       ||     1
  Throw: Throwing net      |       |     4 ||     4
    Use: Scroll            |     6 |       ||     6
         Potion            |       |     1 ||     1
   Stab: Sleeping          |     1 |       ||     1
 Armour: Leather armour    |    38 |     5 ||    43
  Dodge: Dodged            |    84 |     6 ||    90
  Block: Other             |       |     3 ||     3

Table legend: (Time is in decaauts)
 A = Elapsed time spent in this place.
 B = Non-inter-level travel time spent in this place.
 C = Inter-level travel time spent in this place.
 D = Time resting spent in this place.
 E = Time spent auto-exploring this place.
 F = Levels seen in this place.
 G = Mean time per level.
                   A        B        C        D        E       F      G
               +--------+--------+--------+--------+--------+-----+--------+
         Total |   1306 |   1233 |     73 |      0 |    978 |   3 |  435.3 |
       Dungeon |   1306 |   1233 |     73 |      0 |    978 |   3 |  435.3 |
               +--------+--------+--------+--------+--------+-----+--------+

Top non-repeatable levels by time:
     D:2: 590 daAuts
     D:1: 543 daAuts
     D:3: 171 daAuts
